 Dungeon Crawl Stone Soup version 0.23.2 (webtiles) character file.

Game seed: 18163271823300093100

280 Borgoz the Ducker (level 6, -1/51 HPs)
             Began as a Ghoul Gladiator on Apr 3, 2019.
             Killed by divine providence
             ... invoked by an orc priest
              (9 damage)
             ... on level 4 of the Dungeon.
             The game lasted 00:03:34 (3344 turns).

Borgoz the Ducker (Ghoul Gladiator)                 Turns: 3344, Time: 00:03:34

Health: -1/51      AC:  5    Str: 18    XL:     6   Next: 27%
Magic:  5/5        EV: 13    Int:  3    God:
Gold:   110        SH:  0    Dex: 12    Spells: 5/5 levels left

rFire    . . .     SeeInvis .   a - +0 rapier
rCold    + . .     Gourm    .   (no shield)
rNeg     + + +     Faith    .   b - +0 leather armour
rPois    ∞         Spirit   .   c - +0 helmet
rElec    .         Reflect  .   e - +0 cloak
rCorr    .         Harm     .   (no gloves)
MR       .....                  (no boots)
Stlth    ++........             (no amulet)
HPRegen  0.00/turn              (no ring)
MPRegen  0.09/turn              (no ring)

@: rotting, hasted, very quick
A: rotting body, claws 1, carnivore, cold resistance 1, negative energy
resistance 3, inhibited regeneration, torment resistance, unbreathing
a: no special abilities


You were on level 4 of the Dungeon.
You were not hungry.

You visited 1 branch of the dungeon, and saw 4 of its levels.

You collected 110 gold pieces.

Inventory:

Hand Weapons
 a - a +0 rapier (weapon)
Armour
 b - a +0 leather armour (worn)
 c - a +0 helmet (worn)
 e - a +0 cloak (worn)
Scrolls
 k - a scroll of remove curse
 l - a scroll of enchant weapon {unknown}
 o - a scroll of noise {unknown}
 p - a scroll of teleportation {unknown}
Potions
 d - a potion of lignification {unknown}
 h - a potion of curing
 i - a potion of heal wounds {unknown}
 j - a potion of berserk rage
 n - a potion of invisibility {unknown}
Comestibles
 f - 4 rations
 g - 2 chunks of flesh


   Skills:
 + Level 3.1 Fighting
 * Level 3.7 Short Blades
 - Level 1.7 Throwing
 * Level 2.5 Armour
 * Level 3.9 Dodging
 + Level 2.3 Stealth


You had 5 spell levels left.
You didn't know any spells.
Your spell library was empty.

Dungeon Overview and Level Annotations

Branches:
Dungeon (4/15)
 Temple: D:4-7

Altars:
Vehumet


Innate Abilities, Weirdness & Mutations

Your body is rotting away.
You thrive on raw meat.
You are immune to poison.
You have sharp fingernails.
You are carnivorous and can eat meat at any time.
Your flesh is cold resistant. (rC+)
You are immune to negative energy. (rN+++)
You do not regenerate when monsters are visible.
You are immune to unholy pain and torment.
You can survive without breathing.


Message History

Throwing (i - inventory)
m - a throwing net (quivered)
Press: ? - help, Shift-Dir - straight line, f - orc priest
Aim: an orc priest, wielding a +0 dagger and wearing a +0 scale mail You throw a throwing net.
The throwing net hits the orc priest.
The orc priest is caught in the net!
The orc hits you but does no damage. The orc wizard misses you.
You hit the orc priest but do no damage.
The orc priest mumbles some strange prayers to Beogh against you.
Beogh smites you!
* * * LOW HITPOINT WARNING * * *
The orc priest struggles against the net.
The orc misses you.
The orc wizard hits you with a +0 dagger.
* * * LOW HITPOINT WARNING * * *
It was a potion of haste.
You feel yourself speed up. The orc hits you with a +0 short sword.
* * * LOW HITPOINT WARNING * * *
The orc priest mumbles some strange prayers to Beogh against you.
Beogh smites you!
You die...

####.#####.#
#........#..
##.#..........
####....####.####
#.......##.....##
#.......#.......#
#...%...#.......#
............o._....
.##.......#@o.....#
#.......#.o.....#
#.......##.....##
#######.# ##.###
.). ... ... ##. ...
#


You could see an orc priest (caught), an orc wizard and an orc.

Vanquished Creatures
  Sigmund (D:2)
  Terence (D:3)
  2 adders
  4 worms (D:2)
  A leopard gecko (D:3)
  2 orcs (D:3)
  13 bats
  A giant cockroach (D:3)
  7 goblins
  5 hobgoblins
  10 jackals
  9 kobolds
  6 frilled lizards
  9 rats
71 creatures vanquished.

Notes
Turn   | Place    | Note
-------+----------+-------------------------------------------
     0 | D:1      | Borgoz the Ghoul Gladiator began the quest for the Orb.
     0 | D:1      | Reached XP level 1. HP: 17/17 MP: 0/0
   156 | D:1      | Reached XP level 2. HP: 6/24 MP: 1/1
  1048 | D:1      | Reached skill level 1 in Armour
  1048 | D:1      | Reached XP level 3. HP: 30/30 MP: 2/2
  1199 | D:2      | Reached skill level 1 in Stealth
  2081 | D:2      | Noticed Sigmund
  2094 | D:2      | Killed Sigmund
  2094 | D:2      | Reached XP level 4. HP: 20/38 MP: 3/3
  2094 | D:2      | Reached XP level 5. HP: 24/45 MP: 4/4
  2677 | D:3      | Reached XP level 6. HP: 51/51 MP: 5/5
  2763 | D:3      | Noticed Terence
  2779 | D:3      | Killed Terence
  3331 | D:4      | Found a radiant altar of Vehumet.
  3344 | D:4      | Killed from afar by an orc priest

Skill      XL: |  1  2  3 |
---------------+----------+-----
Short Blades   | 3 |  3.7
Dodging        | 3 |  3.9
Armour         | 1 2 |  2.5
Stealth        | 2 |  2.3
Fighting       | 3 |  3.1
Throwing       | |  1.7

Action                   |  1- 3 |  4- 6 || total
-------------------------+-------+-------++-------
Melee: Rapier            |   137 |    95 ||   232
Throw: Throwing net      |     3 |     1 ||     4
  Use: Potion            |       |     3 ||     3
       Scroll            |       |     2 ||     2
 Stab: Distracted        |       |     1 ||     1
       Sleeping          |       |     1 ||     1
  Eat: Chunk             |     4 |     4 ||     8
Armor: Leather armour    |    49 |    26 ||    75
Dodge: Dodged            |    88 |    61 ||   149
